 Dungeon Crawl Stone Soup version 0.27.0-1-g7a089689b8 (webtiles) character file.

Game seed: 6876171399897521446

70 bearlyready the Magician (level 4, 0/33 HPs)
             Began as a Djinni Conjurer on Aug 9, 2021.
             Slain by Crazy Yiuf (11 damage)
             ... on level 2 of the Dungeon.
             The game lasted 00:04:32 (2659 turns).

bearlyready the Magician (Djinni Conjurer)          Turns: 2659, Time: 00:04:32

Health: 0/33       AC:  2    Str:  6    XL:     4   Next: 45%
Gold:   119        EV: 12    Int: 20    God:
                   SH:  0    Dex: 12

rFire    + + .     SeeInvis .   i - +0 whip (vamp)
rCold    x . .     Faith    .   (no shield)
rNeg     . . .     Spirit   .   a - +0 robe
rPois    ∞         Reflect  .   (no helmet)
rElec    .         Harm     .   (no cloak)
rCorr    .         Rampage  .   (no gloves)
Will     .....                  (boots unavailable)
Stlth    ++........             (no amulet)
HPRegen  0.11/turn              (no ring)
MPRegen  0.00/turn              (no ring)

@: flying
A: sickness immunity, fire resistance 2, cold vulnerability 1, float, innate
caster, hp casting, extra vitality 1
a: no special abilities


You were on level 2 of the Dungeon.
You visited 1 branch of the dungeon, and saw 2 of its levels.

You collected 119 gold pieces.

Inventory:

Hand Weapons
 f - a +0 dagger
 i - a +0 vampiric whip (weapon)
Missiles
 d - 110 stones
Armour
 a - a +0 robe (worn)
 g - a +0 ring mail
Scrolls
 b - 2 scrolls of teleportation {unknown}
 h - 2 scrolls of holy word {unknown}
 j - a scroll of fog {unknown}
 l - a scroll of identify {unknown}
Potions
 c - a potion of attraction {unknown}
 e - a potion of curing {unknown}
 k - a potion of degeneration {unknown}


   Skills:
 + Level 1.7 Fighting
 - Level 2.1 Dodging
 - Level 1.5 Stealth
 + Level 4.1 Spellcasting


You couldn't memorise any spells.
You knew the following spells:

 Your Spells              Type           Power      Damage    Failure   Level
a - Magic Dart            Conj           80%        1d7       2%          1
b - Searing Ray           Conj           40%        3d4       3%          2
c - Dazzling Flash        Conj/Hex       40%        N/A       7%          3
d - Fulminant Prism       Conj/Hex       10%        3d9       22%         4
e - Iskenderun's Mystic   Conj/Tloc      20%        2d6       22%         4
f - Corona                Hex            22%        N/A       2%          1
Your spell library was empty.

Dungeon Overview and Level Annotations

Branches:
Dungeon (2/15)

Altars:

Annotations:
D:2 Crazy Yiuf


Innate Abilities, Weirdness & Mutations

You are immune to sickness and miasma.
You are immune to poison.
Your flesh is very heat resistant. (rF++)
You are vulnerable to cold. (rC-)
You float through the air rather than walking.
You learn spells naturally, not from books.
Your magical power is your life essence.
You have superior vitality. (+4 HP)


Message History

a +0 dagger; a goblin corpse
Casting: Searing Ray (safe; 3% risk of failure)
Confirm with . or Enter, or press ? or * to list all spells.
Okay, then.
You reach down and open the door.
Casting: Searing Ray (safe; 3% risk of failure)
Confirm with . or Enter, or press ? or * to list all spells.
Aiming: Searing Ray (safe; 3% risk of failure)
Press: ? - help, Shift-Dir - straight line, f - Crazy Yiuf
Aim: Crazy Yiuf, wielding a +3 quarterstaff of chaos and wearing a +0 cloak of poison resistance (81% to hit)
The searing ray hits Crazy Yiuf.
Crazy Yiuf is moderately wounded. (Press . to maintain the ray.) Crazy Yiuf hits you with a +3 quarterstaff of chaos!
You are electrocuted!
* * * LOW HITPOINT WARNING * * *
Crazy Yiuf screams, "Ten!"
Crazy Yiuf closely misses you.
Okay, then.
Okay, then.
Crazy Yiuf laughs, "Line!
Two return to song senile."
Things that are here:
a +0 dagger; a goblin corpse You see here an adder corpse.
Crazy Yiuf twirls on the spot.
You see here a hobgoblin skeleton.
Crazy Yiuf cries, "Snower sizzlefizz agre!"
Crazy Yiuf says, "Crazy?
Crazy!?
PORCUPINE!"
Crazy Yiuf laughs, "Ice cloud Hive!"
Crazy Yiuf cries, "Gum high song!"
Crazy Yiuf laughs, "Powder koolooloo horse!"
You see here a +0 mace.
Crazy Yiuf waves his quarterstaff at you.
Crazy Yiuf whimpers, "Buddy hog eyeball!"
Crazy Yiuf yells, "Spliff!"
Crazy Yiuf screams, "Ten!
Ice meccalolo sing."
Crazy Yiuf grits, "Goldfish!
Rot pizzabubble down."
There is a stone staircase leading down here.
Crazy Yiuf hits you with a +3 quarterstaff of chaos!
You die...

######### #.#.# #.......#
#.#.######## #.......#
#.#.##.....#
#.......######.#.##.###.#
#..............#.#...<#.#
#.†............#.######.###
#######........#..........#
#######........########.#.#
'..............g@.......#.#
#######.......###.###.###.#
.)..##........# #.#######.#
##........##.## #^........#
#...........# #########.#
#....)......# ###
#....###....#
####..######.# #........#
#.#


You could see Crazy Yiuf.

Vanquished Creatures
  3 adders (D:2)
  2 dart slugs (D:1)
  A ball python (D:1)
  4 bats
  3 endoplasms
  3 giant cockroaches
  5 goblins
  6 hobgoblins
  2 jackals (D:2)
  A kobold (D:2)
  2 frilled lizards
  A rat (D:2)
  A spectral goblin (D:1)
34 creatures vanquished.

Notes
Turn   | Place    | Note
-------+----------+-------------------------------------------
     0 | D:1      | bearlyready the Djinni Conjurer began the quest for the
                  | Orb.
     0 | D:1      | Reached XP level 1. HP: 15/15 MP: 0/0
   469 | D:1      | Reached XP level 2. HP: 13/21 MP: 0/0
  1023 | D:1      | Found a faded altar of an unknown god.
  1631 | D:2      | Reached XP level 3. HP: 25/25 MP: 0/0
  1631 | D:2      | Learned a level 1 spell: Corona
  1814 | D:2      | Reached skill level 4 in Spellcasting
  1913 | D:2      | Reached skill level 1 in Fighting
  2155 | D:2      | Reached XP level 4. HP: 28/32 MP: 0/0
  2444 | D:2      | Found a runed translucent door.
  2445 | D:2      | Noticed Crazy Yiuf
  2659 | D:2      | Slain by Crazy Yiuf

Illustrated notes

Levels and vault maps discovered:
D:1:      minmay_arrival_solitary_statue, layout_basic,
          dreamdust_ecumenical_altar_drowned_temple, dk_noncrumbling_2
D:2:      layout_basic, wander_ebering_terrifying_dragon_lair,
          uniq_crazy_yiuf_cottage

Skill      XL: |  1  2  3 |
---------------+----------+-----
Spellcasting   | 4 |  4.1
Fighting       | 1 |  1.7
Dodging        | |  2.1
Stealth        | |  1.5

Action                   |  1- 3 |  4- 6 || total
-------------------------+-------+-------++-------
Melee: Dagger            |     8 |       ||     8
       Whip              |    53 |    16 ||    69
 Cast: Magic Dart        |    22 |       ||    22
       Searing Ray       |     7 |     2 ||     9
 Stab: Sleeping          |     1 |       ||     1
Armor: Robe              |    15 |     6 ||    21
Dodge: Dodged            |    70 |    15 ||    85
